 Dungeon Crawl Stone Soup version 0.13-a0-2606-g170388b (webtiles) character file.

255 Kae the Cudgeler (level 5, -6/46 HPs)
             Began as a Minotaur Berserker on Aug 4, 2013.
             Was a Priest of Trog.
             Killed from afar by an orc wizard (10 damage)
             ... with a puff of flame
             ... on Level 3 of the Dungeon.
             The game lasted 00:01:27 (1503 turns).

Kae the Cudgeler (Minotaur Berserker)               Turns: 1503, Time: 00:01:27

HP  -6/46        AC  8     Str 22      XL: 5   Next:  8%
MP   1/1         EV  9     Int  5      God: Trog [***...]
Gold 107         SH  0     Dex  9      Spells:  0 memorised,  4 levels left

Res.Fire  : . . .   See Invis. : .   a - +0 mace
Res.Cold  : . . .   Warding    : .   p - +2 scale mail
Life Prot.: . . .   Conserve   : .   (no shield)
Res.Poison: .       Res.Corr.  : .   (helmet restricted)
Res.Elec. : .       Clarity    : .   (no cloak)
Sust.Abil.: . .     Spirit.Shd : .   (no gloves)
Res.Mut.  : .       Stasis     : .   (no boots)
Res.Rott. : .       Flight     : .   (no amulet)
Saprovore : . . .                    (no ring)
                                     (no ring)

@: slightly resistant to hostile enchantments, extremely unstealthy
A: retaliatory headbutt, horns 2
a: Burn Spellbooks, Berserk, Trog's Hand, Renounce Religion


You were on level 3 of the Dungeon.
You worshipped Trog.
Trog was greatly pleased with you.
You were hungry.

You visited 1 branch of the dungeon, and saw 3 of its levels.

You collected 87 gold pieces.

Inventory:

Hand weapons
 a - a +0,+0 mace (weapon)
 o - a +0,+0 mace
Armour
 p - a +2 scale mail (worn)
Magical devices
 e - a wand of flame (15)
 m - a wand of digging (18)
Comestibles
 c - 3 bread rations
 h - a choko
Scrolls
 f - a scroll of enchant weapon I {unknown}
 g - a scroll of recharging {unknown}
 j - a scroll of remove curse {unknown}
 k - 2 scrolls of identify {unknown}
Potions
 d - a potion of magic {unknown}
 i - a potion of restore abilities {unknown}
 n - a potion of curing {unknown}
Books
 l - a book of the Earth

   Spells                             Type                      Level
   Dig                                Earth                        4
   Leda's Liquefaction                Hexes/Earth                  4
   Bolt of Magma                      Conjuration/Fire/Earth       5
   Statue Form                        Transmutation/Earth          6
   Iron Shot                          Conjuration/Earth            6
   Shatter                            Earth                        9
   Trog disapproves of the use of such an item.


   Skills:
 - Level 3.6 Fighting
 + Level 7.0 Maces & Flails
 - Level 2.4 Armour
 - Level 2.1 Dodging


You had 4 spell levels left.
You didn't know any spells.

Dungeon Overview and Level Annotations

Branches:
Dungeon (3/27)

Altars:


Innate Abilities, Weirdness & Mutations

You reflexively headbutt those who attack you in melee.
You have a pair of horns on your head.


Message History

Things that are here:
an orcish hand axe; an orc corpse; an orcish dagger; an orc corpse Butcher an orc corpse? [(y)es/(c)hop/(n)o/(a)ll/(q)uit/?]
Butcher an orc corpse? [(y)es/(c)hop/(n)o/(a)ll/(q)uit/?]
There isn't anything else to butcher here.
It hits you.
You stop butchering the corpse.
* * * LOW HITPOINT WARNING * * *
You barely miss it. Your headbutt misses it. It hits you.
* * * LOW HITPOINT WARNING * * *
You closely miss it. It hits you but does no damage.
You barely miss it. It hits you.
* * * LOW HITPOINT WARNING * * *
You miss it. You headbutt it. It hits you but does no damage.
Your scale mail prevents you from hitting it.
It hits you but does no damage.
You hit it.
You hear some strange, mumbled words.
A puff of flame appears from out of thin air!
The puff of flame hits you!
You die...

#####..##.####..#
#..#........######
#..#........#<....
#.........>.......
#.....[...........
##)..######.#######
#.)...#####.#..<(..
#...........#.#.##.
#)@)........# #.###
#...?.......# #.#
+......... . #..
#.....#### ###
..?..## ####...
.... .... .


There were no monsters in sight!

Vanquished Creatures
  An orc wizard (D:3)
  Ijyb (D:2)
  Terence (D:2)
  5 adders
  A giant gecko (D:2)
  3 orcs (D:3)
  2 bats (D:1)
  2 giant cockroaches
  10 goblins
  6 hobgoblins
  2 quokkas (D:2)
  2 ball pythons (D:2)
  5 giant newts
  3 kobolds
  4 rats
48 creatures vanquished.

Notes
Turn   | Place    | Note
--------------------------------------------------------------
     0 | D:1      | Kae, the Minotaur Berserker, began the quest for the Orb.
     0 | D:1      | Reached XP level 1. HP: 19/19 MP: 0/0
    72 | D:1      | Reached skill level 4 in Maces & Flails
   115 | D:1      | Reached XP level 2. HP: 23/26 MP: 0/0
   353 | D:2      | Acquired Trog's second power
   501 | D:2      | Reached skill level 5 in Maces & Flails
   501 | D:2      | Reached XP level 3. HP: 29/33 MP: 1/1
   551 | D:2      | Noticed Ijyb
   557 | D:2      | Killed Ijyb
   883 | D:2      | Noticed Terence
   891 | D:2      | Reached XP level 4. HP: 17/39 MP: 1/1
   893 | D:2      | Killed Terence
   893 | D:2      | Reached skill level 6 in Maces & Flails
  1482 | D:3      | Reached skill level 7 in Maces & Flails
  1482 | D:3      | Reached XP level 5. HP: 24/46 MP: 1/1
  1503 | D:3      | Killed from afar by an orc wizard

Action                   |  1- 3 |  4- 6 || total
-------------------------+-------+-------++-------
Melee: Mace              |    72 |    47 ||   119
Invok: Berserk           |     1 |       ||     1
Evoke: Wand              |       |     1 ||     1
